 Dungeon Crawl Stone Soup version 0.30.1-6-gbe392663c4 (webtiles) character file.

Game seed: 10168134047697616729

998 soggyman666 the Magician (level 8, -2/50 HPs)
             Began as a Djinni Fire Elementalist on Sept 21, 2023.
             Was an Initiate of Ashenzari.
             Killed by divine providence
             ... invoked by an orc priest
              (12 damage)
             ... on level 5 of the Dungeon.
             The game lasted 00:12:01 (3527 turns).

soggyman666 the Magician (Djinni Fire Elementalist) Turns: 3527, Time: 00:12:01

Health: -2/50      AC:  2    Str: 13    XL:     8   Next: 43%
Gold:   201        EV: 13    Int: 18    God:    Ashenzari [......] SH:  0 Dex: 15

rFire   + + .        h - +2 war axe (flame)
rCold   x . .        (no shield)
rNeg    . . .        a - +0 robe
rPois   ∞            (no helmet)
rElec   .            (no cloak)
rCorr   .            (no gloves)
SInv    .            (boots unavailable)
Will    .....        (no amulet)
Stlth   ++           d - +6 ring of strength
HPRegen 0.28/turn    (no ring)
MPRegen 0.00/turn

%: infuse magic (-3 HP)
@: flying
A: sickness immunity, fire resistance 2, cold vulnerability 1, float, innate
caster, HP casting, extra vitality 1
a: Renounce Religion


You were on level 5 of the Dungeon.
You worshipped Ashenzari.
Ashenzari was noncommittal.
You visited 1 branch of the dungeon, and saw 5 of its levels.

You collected 201 gold pieces.

Inventory:

Hand Weapons
 h - a +2 war axe of flaming (weapon)
Armour
 a - a +0 robe (worn)
Jewellery
 d - a +6 ring of strength (left hand)
Wands
 n - a wand of flame (45)
Scrolls
 e - a scroll of fear
 i - 2 scrolls of silence
 l - 2 scrolls of immolation
 m - a scroll of fog {unknown}
 q - a scroll of identify
Potions
 b - a potion of ambrosia {unknown}
 c - 3 potions of brilliance {unknown}
 f - 2 potions of lignification {unknown}
 g - a potion of attraction {unknown}
 j - a potion of resistance {unknown}
 k - 2 potions of curing {unknown}
 o - a potion of heal wounds {unknown}
 p - a potion of mutation {unknown}


   Skills:
 + Level 2.7 Dodging
 + Level 2.5 Stealth
 + Level 7.2 Spellcasting


You knew the following spells:

 Your Spells              Type           Power      Damage    Failure   Level
a - Foxfire               Conj/Fire      100%       2x1d9     1%          1
b - Scorch                Fire           64%        2d8       1%          2
c - Volatile Blastmotes   Fire/Tloc      64%        2d15      1%          3
d - Inner Flame           Hex/Fire       32%        N/A       1%          3
e - Flame Wave            Conj/Fire      32%        2d9       5%          4
f - Beastly Appendage     Tmut           64%        N/A       1%          1
g - Ensorcelled Hibernat  Hex/Ice        64%        N/A       1%          2
h - Call Imp              Summ           64%        N/A       1%          2
Your spell library was empty.

Dungeon Overview and Level Annotations

Branches:
Dungeon (5/15)
 Temple: D:4-7

Altars:
Ashenzari
Fedhas


Innate Abilities, Weirdness & Mutations

You are immune to sickness and miasma.
You are immune to poison.
Your flesh is very heat resistant. (rF++)
You are vulnerable to cold. (rC-)
You float through the air rather than walking.
You learn spells naturally, not from books.
Your magical power is your life essence.
You have superior vitality. (+4 MHP)


Message History

Beogh smites you!
Unknown command.
Casting: Scorch (safe; 1% risk of failure)
Confirm with . or Enter, or press ? or * to list all spells.
Flames lash the orc warrior but do no damage.
Casting: Scorch (safe; 1% risk of failure)
Confirm with . or Enter, or press ? or * to list all spells.
Flames lash the orc warrior.
Flame seeps out of the orc warrior.
The orc warrior is lightly wounded.
The orc warrior's fire resistance burns away.
The orc warrior is engulfed in blazing flames.
Flame seeps out of the orc warrior.
The orc warrior hits you with a +0 war axe!
The orc warrior is engulfed in blazing flames.
The orc warrior explodes!
Things that are here:
a +0 rapier; a +0 leather armour
Casting: Scorch (safe; 1% risk of failure)
Confirm with . or Enter, or press ? or * to list all spells.
A cloud of volatile blastmotes flares up around you!
The orc priest casts a cantrip, but nothing happens.
The cloud of blastmotes explodes!
The concussive blast engulfs the orc!!
You kill the orc!
Casting: Volatile Blastmotes (safe; 1% risk of failure)
Confirm with . or Enter, or press ? or * to list all spells.
A cloud of volatile blastmotes flares up around you!
The orc priest calls down the wrath of Beogh upon you.
Pain shoots through your body!
* * * LOW HITPOINT WARNING * * *
Casting: Volatile Blastmotes (safe; 1% risk of failure)
Confirm with . or Enter, or press ? or * to list all spells.
Aiming: Inner Flame (safe; 1% risk of failure)
Press: ? - help, Dir - move target, f - orc priest
Aim: an orc priest, wielding a +0 dagger (chance to affect: 85%)
The orc priest is filled with an inner flame.
* * * LOW HITPOINT WARNING * * *
The orc priest miscasts a cantrip.
The orc priest calls down the wrath of Beogh upon you.
Beogh smites you!
You die...

#..# #..# ##. ...# #..
#..# #†# #..### #.#
.....# #.# .....# #.#
.....#######.###########
).......))o§....@.......
....(....###############
......#### #######


You could see an orc priest (inner flame).

Vanquished Creatures
  The ghost of Cheops the Caller, an amateur MfSu (D:4)
  Sigmund (D:2)
  Eustachio (D:5)
  An orc warrior (D:5)
  An ogre (D:4)
  A scorpion (D:4)
  A hound (D:5)
  An orc priest (D:4)
  Jessica (D:3)
  Natasha (thrice) (D:2)
  Terence (D:2)
  An adder (D:5)
  A white imp (D:5)
  A worm (D:3)
  4 dart slugs
  7 orcs
  3 ball pythons
  5 endoplasms
  2 giant cockroaches
  5 goblins
  8 hobgoblins
  3 quokkas
  5 bats
  4 frilled lizards
  8 kobolds
  A rat (D:1)
71 creatures vanquished.

Vanquished Creatures (collateral kills)
  13 foxfires (D:1)
13 creatures vanquished.

Vanquished Creatures (others)
  316 foxfires
316 creatures vanquished.

Grand Total: 400 creatures vanquished

Notes
Turn   | Place    | Note
-------+----------+-------------------------------------------
     0 | D:1      | soggyman666 the Djinni Fire Elementalist began the quest
                  | for the Orb.
     0 | D:1      | soggyman666 set off with the following spells memorised:
                  | Foxfire, Scorch, Volatile Blastmotes, Inner Flame, Flame
                  | Wave.
     0 | D:1      | Reached XP level 1. HP: 15/15 MP: 0/0
   368 | D:1      | Reached XP level 2. HP: 19/21 MP: 0/0
   598 | D:1      | Reached skill level 3 in Spellcasting
   788 | D:1      | Reached XP level 3. HP: 23/25 MP: 0/0
   788 | D:1      | Learned a level 1 spell: Beastly Appendage
  1194 | D:2      | Noticed Terence
  1198 | D:2      | Noticed Sigmund
  1202 | D:2      | Killed Terence
  1203 | D:2      | Reached XP level 4. HP: 22/31 MP: 0/0
  1204 | D:2      | Killed Sigmund
  1205 | D:2      | Reached skill level 4 in Spellcasting
  1205 | D:2      | Reached XP level 5. HP: 22/35 MP: 0/0
  1205 | D:2      | Learned a level 2 spell: Ensorcelled Hibernation
  1205 | D:2      | Reached XP level 6. HP: 26/40 MP: 0/0
  1411 | D:2      | Noticed Natasha
  1415 | D:2      | Killed Natasha
  1540 | D:2      | Noticed Natasha
  1551 | D:2      | Killed Natasha
  1552 | D:2      | Reached skill level 5 in Spellcasting
  1593 | D:2      | Noticed Natasha
  1596 | D:2      | Killed Natasha
  1803 | D:3      | Noticed Jessica
  1809 | D:3      | Killed Jessica
  1853 | D:3      | Found a faded altar of an unknown god.
  2029 | D:3      | You are sucked into a shaft and drop 2 floors!
  2029 | D:5      | Entered Level 5 of the Dungeon
  2040 | D:5      | Found a blossoming altar of Fedhas.
  2047 | D:4      | Noticed an ogre
  2055 | D:4      | Killed an ogre
  2056 | D:4      | Reached XP level 7. HP: 29/45 MP: 0/0
  2056 | D:4      | Learned a level 2 spell: Call Imp
  2371 | D:4      | Found a large runed translucent door.
  2372 | D:4      | Found a large runed translucent door.
  2374 | D:4      | Noticed Cheops's ghost (amateur MfSu)
  2928 | D:4      | Found a broken altar of Ashenzari.
  3064 | D:4      | Became a worshipper of Ashenzari the Shackled
  3250 | D:4      | Killed Cheops's ghost
  3251 | D:4      | Reached skill level 6 in Spellcasting
  3251 | D:4      | Reached XP level 8. HP: 19/50 MP: 0/0
  3405 | D:5      | Noticed Eustachio
  3413 | D:5      | Killed Eustachio
  3414 | D:5      | Reached skill level 7 in Spellcasting
  3527 | D:5      | Killed from afar by an orc priest

Illustrated notes

Levels and vault maps discovered:
D:1:      dpeg_arrival_line_fractal, layout_basic, dreamdust_mushroom_princess
D:2:      layout_rooms, uniq_natasha, uniq_sigmund, uniq_terence
D:3:      layout_basic, mainiacjoe_overflow_alcove_4, dk_yredelemnul_ordeal,
          hellmonk_ecumenical_altar_blasted, serial_shops,
          nicolae_book_shop_shelving, kennysheep_decorative_pillar,
          nrook_mini_vaults, uniq_jessica
D:4:      layout_loops_corners, ashenzari_conservatory_becter,
          ebering_ghost_disaster_area
D:5:      minmay_razor_zed, layout_rooms, fedhas_ov_isle_minmay,
          minmay_quadrilaterals, uniq_menkaure, uniq_eustachio, uniq_edmund

Skill      XL: |  1  2  3  4  5  6  7  8 |
---------------+-------------------------+-----
Spellcasting   | 3 4 5 6 7 |  7.2
Stealth        | 2 |  2.5
Dodging        | |  2.7

Action                     |  1- 3 |  4- 6 |  7- 9 || total
---------------------------+-------+-------+-------++-------
   Cast: Foxfire           |    91 |    66 |    47 ||   204
         Scorch            |     6 |     8 |    22 ||    36
         Volatile Blastmot |       |     1 |     3 ||     4
         Flame Wave        |       |       |     2 ||     2
         Inner Flame       |       |       |     3 ||     3
    Use: Scroll            |       |     3 |       ||     3
 Armour: Robe              |     1 |     1 |     4 ||     6
  Dodge: Dodged            |     3 |     1 |     4 ||     8
